Map: [ESL] Oceanborn

Players

Reynor

  • Race: Zerg Zerg
  • League: Master
  • Spawn Location: 5:00

Classic - Winner!

  • Race: Protoss Protoss
  • Spawn Location: 11:00

Event: IEM Katowice 2024

VOD

Have the link to the VOD?

Description

Time

  • Played on: Dec. 8, 2023, 12:40 p.m.
  • Length: 10:26

All games in this series

Show
View Real Time Build Order
Export as new Build Order

Reynor Zerg 

Build Orders: Hatch First 

Get SALT Encoding   

  12  0:00  Drone  
  13  0:07  Drone  
  13  0:14  Extractor, Drone  
  15  0:36  Hatchery  
  15  0:42  Extractor, Drone  
  15  0:48  Overlord  
  15  1:02  Spawning Pool  
  14  1:07  Drone  
  14  1:10  Drone  
  16  1:13  Drone  
  16  1:17  Drone  
  18  1:27  Extractor  
  18  1:28  Drone  
  18  1:39  Drone  
  19  1:49  Queen x2  
  19  1:50  Drone  
  19  1:53  Zergling x2  
  25  1:59  Drone  
  26  2:02  Overlord  
  26  2:09  Drone  
  26  2:11  Drone  
  28  2:20  Drone  
  28  2:22  Drone  
  30  2:25  Queen  
  32  2:37  Hatchery  
  32  2:39  Drone  
  32  2:43  Overlord  
  32  2:45  Drone  
  32  2:48  Drone  
  34  2:53  Zergling x2  
  34  2:54  Drone  
  36  3:04  Overlord  
  36  3:06  Drone x4  
  36  3:09  Drone  
  41  3:14  Drone x2  
  41  3:18  Spore Crawler  
  42  3:21  Metabolic Boost  
  42  3:22  Queen  
  42  3:24  Drone  
  45  3:27  Drone  
  45  3:29  Drone  
  45  3:32  Drone x2  
  49  3:35  Overlord  
  49  3:40  Queen  
  51  3:43  Overlord  
  51  3:48  Drone  
  51  3:49  Drone x3  
  51  3:53  Overlord  
  51  3:54  Drone  
  56  3:58  Spore Crawler  
  56  4:01  Queen  
  57  4:03  Drone  
  57  4:04  Drone  
  57  4:07  Drone  
  57  4:08  Drone  
  61  4:11  Overlord  
  61  4:14  Drone  
  61  4:15  Drone x2  
  65  4:17  Drone  
  65  4:19  Overlord  
  65  4:24  Spore Crawler  
  65  4:26  Drone  
  65  4:29  Roach Warren  
  65  4:30  Evolution Chamber  
  63  4:31  Zergling x6  
  63  4:36  Zergling x2  
  63  4:37  Zergling x2  
  63  4:38  Drone x3  
  71  4:40  Drone x2  
  71  4:43  Lair  
  71  4:45  Overlord  
  73  4:47  Zergling x2  
  73  4:50  Zergling x2  
  75  4:53  Drone x4  
  75  4:55  Drone  
  75  4:58  Extractor x2  
  75  4:59  Extractor, Queen  
  77  5:01  Overlord  
  77  5:03  Zerg Missile Weapons Level 1  
  77  5:06  Drone x2  
  81  5:09  Overlord  
  81  5:13  Overlord  
  81  5:25  Drone  
  81  5:26  Drone x2  
  81  5:27  Drone  
  81  5:28  Drone x4  
  89  5:29  Drone  
  89  5:30  Drone x2  
  89  5:31  Hatchery  
  89  5:34  Overlord  
  91  5:35  Drone x2  
  91  5:36  Drone  
  91  5:37  Drone  
  95  5:43  Roach x2  
  95  5:45  Queen  
  95  5:47  Roach  
  103  5:51  Roach  
  103  5:52  Extractor, Roach x3  
  103  5:55  Roach  
  103  5:56  Extractor  
  111  5:59  Roach  
  111  6:01  Roach x3  
  111  6:04  Overlord  
  119  6:06  Roach  
  119  6:09  Overlord  
  119  6:10  Roach  
  120  6:11  Overlord  
  120  6:16  Roach x2  
  110  6:18  Roach  
  110  6:21  Roach x2  
  110  6:24  Roach  
  110  6:27  Roach  
  110  6:28  Roach  
  106  6:35  Roach x3  
  106  6:39  Roach  
  102  6:41  Queen  
  102  6:46  Zergling x4  
  91  6:54  Roach  
  91  7:01  Zergling x4, Roach  
  80  7:04  Zergling x8  
  82  7:13  Zergling x4, Roach x2  
  88  7:18  Roach x2  
  88  7:22  Drone x2  
  93  7:24  Drone  
  94  7:30  Drone x2  
  94  7:31  Drone  
  94  7:34  Drone  
  98  7:43  Roach x3  
  101  7:49  Roach x3  
  105  7:54  Roach x3  
  105  7:57  Roach  
  112  8:02  Roach x2  
  113  8:09  Roach Warren  
  113  8:12  Zergling x8  
  103  8:18  Zergling x4  
  100  8:21  Zergling x10  
  96  8:31  Zergling x4  
  95  8:35  Zergling x2  
  95  8:39  Zergling x2  
  70  9:00  Roach x4  
  69  9:03  Ravager  
  69  9:08  Roach x3  
  70  9:12  Roach x2  
  70  9:16  Roach x2  
  73  9:21  Roach  
  70  9:25  Roach  
  55  9:44  Roach Warren  
  54  9:46  Drone x2  
  55  9:53  Drone x2  
  55  9:56  Drone  
  55  9:58  Drone  
  59  10:00  Drone  
  59  10:03  Drone  
  59  10:05  Drone  
  62  10:07  Drone  
  62  10:11  Drone  
  62  10:13  Drone  
Show
View Real Time Build Order
Export as new Build Order

Classic Protoss - Winner!

Build Orders: 1 Gate Expand, Oracle Opening 

Get SALT Encoding   

  12  0:00  Probe  
  13  0:13  Pylon  
  13  0:18  Probe (Chrono Boost)  
  15  0:28  Probe (Chrono Boost)  
  15  0:33  Probe (Chrono Boost)  
  16  0:39  Gateway  
  16  0:44  Probe  
  17  0:52  Assimilator  
  17  0:56  Probe  
  18  1:08  Probe  
  19  1:20  Probe  
  20  1:27  Nexus  
  20  1:33  Probe  
  21  1:41  Cybernetics Core  
  21  1:45  Probe  
  22  1:48  Assimilator  
  22  1:54  Pylon  
  22  1:57  Probe  
  23  2:12  Probe  
  23  2:14  Adept (Chrono Boost)  
  24  2:20  Stargate  
  26  2:24  Probe  
  26  2:29  Warp Gate  
  27  2:36  Probe (Chrono Boost)  
  28  2:37  Adept  
  28  2:40  Probe (Chrono Boost)  
  31  2:48  Probe (Chrono Boost)  
  31  2:49  Probe (Chrono Boost)  
  33  2:52  Probe (Chrono Boost)  
  33  2:54  Probe (Chrono Boost)  
  35  3:02  Probe  
  40  3:06  Probe  
  40  3:07  Void Ray (Chrono Boost)  
  41  3:18  Probe x2  
  43  3:21  Pylon  
  43  3:28  Gateway  
  43  3:31  Probe x2  
  45  3:36  Oracle (Chrono Boost)  
  48  3:44  Probe x2  
  48  3:48  Twilight Council  
  50  3:53  Gateway x2  
  50  4:06  Robotics Facility  
  50  4:11  Nexus  
  50  4:13  Pylon  
  50  4:17  Charge (Chrono Boost)  
  50  4:27  Gateway  
  50  4:28  Gateway  
  50  4:37  Gateway  
  50  4:39  Gateway  
  50  4:44  Pylon  
  50  4:54  Zealot  
  50  4:55  Zealot x3  
  50  4:57  Warp Prism (Chrono Boost)  
  60  5:07  Pylon  
  60  5:08  Probe x2  
  60  5:11  Shield Battery  
  62  5:22  Zealot x2  
  62  5:23  Zealot x2  
  70  5:35  Pylon  
  70  5:42  Zealot x3  
  72  5:43  Zealot x4  
  72  5:46  Zealot  
  86  5:53  Probe  
  86  5:54  Probe  
  86  6:15  Zealot x3  
  86  6:16  Zealot x5  
  86  6:18  Probe x3  
  99  6:24  Pylon  
  88  6:26  Pylon  
  88  6:28  Pylon  
  82  6:36  Zealot x6  
  82  6:37  Zealot  
  94  6:42  Warp Prism (Chrono Boost)  
  90  6:54  Zealot  
  84  6:56  Probe x2  
  84  6:57  Probe  
  84  7:00  Zealot x5  
  93  7:09  Zealot x2  
  97  7:16  Probe x3  
  97  7:18  Zealot  
  102  7:22  Zealot x2  
  102  7:23  Zealot x3  
  102  7:29  Pylon  
  112  7:30  Zealot x2  
  116  7:47  Zealot x4  
  116  7:48  Zealot x2  
  126  7:55  Zealot x2  
  124  8:12  Zealot x5  
  116  8:13  Zealot  
  116  8:14  Immortal (Chrono Boost)  
  104  8:29  Sentry, Zealot  
  106  8:34  Zealot x4  
  106  8:35  Zealot x2  
  102  8:48  Assimilator x2, Probe x3  
  93  8:50  Immortal (Chrono Boost)  
  85  9:05  Zealot x3  
  85  9:06  Zealot x5  
  97  9:17  Forge  
  91  9:19  Immortal (Chrono Boost)  
  91  9:22  Pylon  
  93  9:27  Zealot x8  
  93  9:47  Warp Prism (Chrono Boost)  
  91  9:54  Nexus  
  91  9:59  Probe  
  92  10:02  Sentry, Zealot x3  
  92  10:03  Zealot  
  102  10:07  Sentry x2  
  102  10:08  Sentry  

Tags
 
Add a new tag
Caveats
  • Supply blocks, unpowered buildings, or Contaminate may cause inaccurate times.
  • Supply counts are checked every 10 seconds.